Map: Deathaura LE

Players

A.I. 1 (Very Easy)

  • Race: Terran Terran
  • Spawn Location: 11:00

HolyHit - Winner!

  • Race: Protoss Protoss
  • League: Master
  • Spawn Location: 5:00

VOD

https://www.youtube.com/watch?v=DMmQGxS4CTw&lc

Description

Time

  • Played on: Oct. 13, 2020, 5:44 a.m.
  • Length: 5:46
Show
View Real Time Build Order
Export as new Build Order

A.I. 1 (Very Easy) Terran 

Build Orders: Reaper Expand 

Get SALT Encoding   

  12  0:00  SCV  
  13  0:13  SCV  
  14  0:19  Supply Depot  
  14  0:43  Barracks  
  14  1:02  Command Center  
  14  1:30  Supply Depot, Orbital Command  
  14  1:31  Marine  
  15  1:36  Refinery  
  15  1:48  Refinery  
  15  1:56  SCV  
  16  2:08  SCV  
  17  2:15  SCV  
  18  2:16  Reaper  
  18  2:22  SCV  
  20  2:29  SCV  
  21  2:36  SCV  
  22  2:44  SCV  
  23  2:49  Refinery  
  23  2:51  SCV  
  24  2:56  Marine  
  24  2:58  SCV  
  26  3:05  SCV  
  27  3:12  SCV  
  28  3:13  Factory  
  28  3:34  Refinery  
  28  3:36  SCV, Marine  
  30  3:43  SCV  
  31  3:50  SCV  
  31  3:54  Supply Depot  
  32  3:57  SCV  
  32  3:59  Starport  
  33  4:04  SCV  
  34  4:12  SCV  
  36  4:17  Reaper  
  36  4:19  SCV  
  37  4:26  SCV  
  38  4:33  SCV  
  38  4:36  Supply Depot  
  38  4:37  Starport Tech Lab  
  39  4:40  SCV  
  42  4:46  Hellion  
  42  4:47  SCV  
  42  4:49  Barracks Tech Lab  
  43  4:54  SCV  
  39  5:02  SCV  
  27  5:09  SCV  
  8  5:16  SCV  
  8  5:21  SCV  
Show
View Real Time Build Order
Export as new Build Order

HolyHit Protoss - Winner!

Build Orders: 1 Gate Expand 

Get SALT Encoding   

  12  0:00  Probe  
  13  0:12  Probe  
  14  0:18  Pylon  
  14  0:24  Probe (Chrono Boost)  
  15  0:36  Probe (Chrono Boost)  
  15  0:38  Gateway  
  16  0:45  Probe (Chrono Boost)  
  16  0:47  Assimilator  
  17  0:51  Probe  
  18  1:03  Probe  
  19  1:15  Probe  
  20  1:25  Cybernetics Core  
  20  1:27  Probe  
  21  1:35  Nexus  
  22  1:42  Pylon  
  22  1:47  Probe  
  22  1:51  Assimilator  
  22  1:59  Probe  
  23  2:01  Adept (Chrono Boost)  
  23  2:05  Warp Gate  
  25  2:11  Probe  
  26  2:23  Probe  
  26  2:24  Adept  
  26  2:27  Twilight Council  
  29  2:35  Probe (Chrono Boost)  
  30  2:46  Probe (Chrono Boost), Robotics Facility  
  30  2:50  Probe (Chrono Boost)  
  32  2:54  Adept  
  32  2:55  Probe (Chrono Boost)  
  32  2:58  Probe (Chrono Boost)  
  36  3:02  Probe x2 (Chrono Boost)  
  36  3:03  Charge (Chrono Boost)  
  38  3:17  Gateway  
  38  3:20  Gateway  
  38  3:27  Gateway  
  38  3:30  Gateway  
  38  3:38  Warp Prism  
  40  3:45  Gateway  
  40  3:50  Pylon  
  40  3:54  Zealot  
  42  4:02  Pylon  
  42  4:06  Pylon  
  42  4:13  Zealot  
  42  4:14  Zealot  
  42  4:15  Zealot  
  48  4:22  Zealot  
  48  4:23  Pylon  
  50  4:36  Zealot x4  
  58  4:39  Pylon  
  58  4:54  Zealot x2  
  58  4:57  Zealot x4  
  68  5:14  Zealot x2  
Tags
 
Add a new tag
Caveats
  • Supply blocks, unpowered buildings, or Contaminate may cause inaccurate times.
  • Supply counts are checked every 10 seconds.